 Dungeon Crawl Stone Soup version 0.31.0-11-ge490571c62 (webtiles) character file.

Game seed: 14999571205709695937

2837 Zeor the Carver (level 10, 0/79 HPs)
             Began as a Formicid Monk on Feb 1, 2024.
             Was a Believer of Zin.
             Slain by an orc knight
             ... wielding a +0 broad axe
              (41 damage)
             ... in a bailey on Feb 2, 2024.
             The game lasted 00:22:30 (6632 turns).

Zeor the Carver (Formicid Monk)                     Turns: 6632, Time: 00:22:30

Health: 0/79       AC:  9    Str: 23    XL:     10   Next: 3%
Magic:  11/12      EV: 12    Int:  9    God:    Zin [**....]
Gold:   108        SH: 17    Dex: 21    Spells: 9/9 levels left

rFire   . . .        a - +2 long sword (holy)
rCold   . . .        j - +0 kite shield
rNeg    . . .        p - +4 ring mail of Ignis's Regard {Will+ Regen+ Int-2}
rPois   ∞            (helmet unavailable)
rElec   .            (no cloak)
rCorr   .            (no gloves)
SInv    +            (no boots)
Will    ++...        q - amulet of reflection
Stlth   +            s - +6 ring of strength
HPRegen 1.13/turn    (no ring)
MPRegen 0.13/turn

%: reflection
@: vitalised, marked, on recite cooldown
A: permanent stasis, dig shafts and tunnels, antennae 3, four strong arms
a: Dig, Renounce Religion, Recite, Vitalisation, Donate Gold


You were in a bailey.
You worshipped Zin.
Zin was pleased with you.
You visited 2 branches of the dungeon, and saw 8 of its levels.
You also visited: Bailey.

You collected 381 gold pieces.
You spent 261 gold pieces at shops.
You donated 12 gold pieces to Zin.

Inventory:

Hand Weapons
 a - a +2 long sword of holy wrath (weapon)
 b - the +8 dagger of Ponnac {flame, rN++}
   (You found it on level 5 of the Dungeon)

   rN++:      It greatly protects you from negative energy.
 g - a +2 short sword of protection
 n - a +4 falchion
Missiles
 m - 11 javelins
 u - 20 boomerangs (quivered)
 w - 3 poisoned darts
Armour
 d - an orb of light
 j - a +0 kite shield (worn)
 l - a +0 scale mail of cold resistance
 p - the +4 ring mail of Ignis's Regard (worn) {Will+ Regen+ Int-2}
   (You bought it in a shop on level 2 of the Dungeon)

   Int-2:     It affects your intelligence (-2).
   Will+:     It increases your willpower.
   Regen+:    It increases your rate of health regeneration.
Jewellery
 q - an amulet of reflection (around neck)
 s - a +6 ring of strength (left hand)
 t - an amulet of regeneration
Wands
 k - a wand of charming (6)
 o - a wand of flame (11)
Scrolls
 f - a scroll of vulnerability
 r - a scroll of poison
 x - a scroll of butterflies
Potions
 c - a potion of ambrosia
 e - a potion of invisibility
 h - a potion of heal wounds
 i - 2 potions of cancellation


   Skills:
 * Level 7.0 Fighting
 * Level 9.1 Long Blades
 + Level 3.4 Armour
 + Level 4.0 Dodging
 + Level 0.3 Stealth
 * Level 7.6 Shields
 * Level 2.8 Invocations
 + Level 0.6 Evocations


You had 9 spell levels left.
You didn't know any spells.
Your spell library contained the following spells:

 Spells                   Type           Power      Damage    Failure   Level
 Shock                    Conj/Air       0%         1d3       77%         1
 Sublimation of Blood     Necr           0%         N/A       88%         2
 Hailstorm                Conj/Ice       0%         3d5       98%         3
 Stone Arrow              Conj/Erth      0%         3d7       98%         3
 Summon Ice Beast         Ice/Summ       0%         N/A       98%         3
 Airstrike                Air            0%         2d(0-16)  100%        4
 Animate Armour           Summ/Erth      0%         N/A       100%        4
 Leda's Liquefaction      Alch/Erth      0%         N/A       100%        4
 Petrify                  Alch/Erth      0%         N/A       100%        4
 Irradiate                Conj/Alch      0%         3d11      100%        5
 Lee's Rapid Deconstruct  Erth           0%         3d4*      100%        5
 Bombard                  Conj/Erth      0%         9d1       100%        6
 Sculpt Simulacrum        Ice/Alch       0%         N/A       100%        6
 Lehudib's Crystal Spear  Conj/Erth      0%         10d2      100%        8
 Swiftness                Air            Unusable   N/A       N/A         3

Dungeon Overview and Level Annotations

Branches:
Dungeon (7/15)             Temple (1/1) D:6          Bailey (1/1)

Altars:
Ashenzari
Dithmenos
Elyvilon
Fedhas
Gozag
Hepliaklqana
Kikubaaqudgha
Makhleb
Nemelex Xobeh
Okawaru
Qazlal
Ru
Sif Muna
Trog
Uskayaw
Vehumet
Wu Jian
Xom
Yredelemnul
Zin
The Shining One

Shops:
D:2 [   D:5 =

Annotations:
D:4 3 runed translucent doors, Vila42's ghost, amateur GrMo


Innate Abilities, Weirdness & Mutations

You cannot be hasted, slowed, berserked, paralysed or teleported.
You can dig through walls and to a lower floor.
You have a pair of large antennae on your head. (SInv)
Your four strong arms can wield two-handed weapons with a shield.


Message History

The orc knight is lightly wounded.
You block the orc knight's attack.
The orc knight roars a battlecry!
The orc knight goes into a battle-frenzy!
You hit the orc knight but do no damage.
The orc knight is lightly wounded.
The orc knight hits you with a +0 broad axe!!
Okay, then.
Zin grants you divine stamina.
The orc knight hits you with a +0 broad axe!!
You hit the orc knight but do no damage.
The orc knight is lightly wounded.
You block the orc knight's attack.
You slash the orc knight!
The orc knight is lightly wounded.
The orc knight hits you with a +0 broad axe.
You hit the orc knight.
The orc knight is moderately wounded.
You block the orc knight's attack.
You hit the orc knight but do no damage.
The orc knight is moderately wounded.
The orc knight closely misses you.
The hobgoblin is lost in a daze.
You barely miss the orc knight.
The orc knight is moderately wounded.
The hobgoblin is no longer dazed.
The orc knight closely misses you.
You barely miss the orc knight.
The orc knight is lightly wounded.
You block the orc knight's attack.
You hit the orc knight but do no damage.
The orc knight is lightly wounded.
The orc knight barely misses you.
You hit the orc knight.
The orc knight is moderately wounded.
The orc warrior no longer looks unusually strong.
You block the orc knight's attack.
You barely miss the orc knight.
The orc knight is moderately wounded.
The orc knight hits you with a +0 broad axe!!!
Ouch! That really hurt!
You die...

▒∙∙∙ ▒▒▒▒▒▒▒▒▒▒▒▒▒∙▒▒▒▒▒▒▒▒▒▒▒
▒▒▒▒∙∙∙∙∙∙∙∙†∙∙∙∙∙∙∙∙∙\∙∙∙∙▒▒
▒▒∙∙∙∙∙∙∙∙∙∙∙▒▒▒▒▒▒▒▒▒∙∙∙∙∙∙∙▒
▒▒∙∙∙∙∙∙∙∙∙▒†▒▒ ▒▒▒▒▒▒∙∙▒▒
▒∙∙∙∙∙⌠∙∙∙∙▒∙∙▒ { { ▒∙∙∙▒
▒∙∙∙∙∙∙∙▒▒▒)∙▒ {{{ { ▒∙∙∙∙
▒▒▒∙∙∙∙∙▒∙'∙∙▒▒▒▒o▒▒▒▒ ▒∙∙≈≈
▒▒▒▒∙∙∙∙∙†▒▒▒∙∙∙Boog∙∙∙∙ ▒▒▒∙≈≈≈
≈≈≈≈≈≈≈∙∙†∙∙▒∙∙▒▒▒▒o▒▒▒▒ ▒∙∙≈≈≈≈
▒≈≈≈≈≈≈≈~≈†∙▒▒▒▒∙∙∙{∙∙∙▒
▒▒≈≈≈≈≈≈
▒▒∙∙∙∙)≈≈≈≈≈≈∩▒∙∙∙!∙∙∙▒K≈≈≈≈≈▒▒▒
▒▒∙∙∙∙∙∙~≈≈≈≈▒▒▒▒▒▒▒▒▒≈≈≈≈▒▒▒
▒▒∙∙∙∙∙∙∙~≈≈≈≈≈≈≈≈≈≈≈≈≈▒▒▒
▒▒▒∙∙∙)∙∙∙∙~≈≈≈≈≈≈≈∙▒▒
▒▒▒▒∙∙∙∙∙∙∙∙∙∙∙∙∙▒
▒▒▒▒∙∙∙∙∙∙∩∙∙▒


You could see an orc knight (strong), 3 orc warriors and a hobgoblin.

Vanquished Creatures
  Pikel (D:5)
  Eustachio (D:6)
  Edmund (D:5)
  2 orc warriors
  An ice beast (D:5)
  2 sky beasts (D:7)
  A centaur (D:6)
  2 bullfrogs (D:6)
  3 scorpions
  5 killer bees (D:7)
  4 jellies
  A bombardier beetle (D:6)
  3 hounds
  4 orc priests
  7 iguanas
  3 sleepcaps
  Terence (D:2)
  6 orc wizards
  12 adders
  3 gnolls (D:6)
  A shadow imp (D:7)
  4 white imps
  2 ufetubi (D:6)
  4 ribbon worms (D:2)
  6 dart slugs
  25 orcs
  3 ball pythons
  4 endoplasms
  3 giant cockroaches
  11 goblins
  12 hobgoblins
  3 jackals (D:1)
  18 kobolds
  4 quokkas
  6 bats
  2 frilled lizards (D:1)
  4 rats
175 creatures vanquished.

Vanquished Creatures (collateral kills)
  An orc (D:5)
1 creature vanquished.

Vanquished Creatures (others)
  An orc priest (D:5)
  An orc (D:5)
2 creatures vanquished.

Grand Total: 178 creatures vanquished

Notes
Turn   | Place    | Note
-------+----------+-------------------------------------------
     0 | D:1      | Zeor the Formicid Monk began the quest for the Orb.
     0 | D:1      | Reached XP level 1. HP: 18/18 MP: 1/1
   237 | D:1      | Reached XP level 2. HP: 21/24 MP: 2/2
   406 | D:1      | Reached XP level 3. HP: 30/30 MP: 3/3
   479 | D:1      | Found a faded altar of an unknown god.
   892 | D:2      | Noticed Terence
   899 | D:2      | Killed Terence
   900 | D:2      | Reached XP level 4. HP: 22/37 MP: 4/4
  1022 | D:2      | Reached skill level 4 in Long Blades
  1544 | D:2      | Reached XP level 5. HP: 39/42 MP: 5/5
  1605 | D:2      | Found a sacrificial altar of Ru.
  1611 | D:2      | Reached skill level 1 in Armour
  1949 | D:2      | Found Okuim's Antique Armour Shoppe.
  2519 | D:3      | Found a hazy altar of Hepliaklqana.
  2608 | D:3      | Reached XP level 6. HP: 49/49 MP: 6/6
  2883 | D:4      | HP: 1/49 [iguana (11)]
  2889 | D:4      | HP: 2/49 [iguana (8)]
  2893 | D:4      | Reached skill level 5 in Long Blades
  2893 | D:4      | Reached skill level 1 in Shields
  3451 | D:4      | Found a runed translucent gate.
  3471 | D:4      | Found a runed translucent gate.
  3472 | D:4      | Found a runed translucent gate.
  3472 | D:4      | Noticed Vila42's ghost (amateur GrMo)
  3474 | D:4      | Noticed a black bear
  3522 | D:4      | Found a blossoming altar of Fedhas.
  3596 | D:4      | Identified the +2 barding of Generosity {+Blink Dex+4}
  3735 | D:4      | Reached skill level 5 in Fighting
  3735 | D:4      | Reached XP level 7. HP: 44/56 MP: 7/7
  3849 | D:2      | Bought a translucent ring mail for 261 gold pieces
  3849 | D:2      | Identified the +4 ring mail of Ignis's Regard {Will+ Regen+
                  | Int-2} (You bought it in a shop on level 2 of the Dungeon)
  3940 | D:4      | Found a glowing golden altar of the Shining One.
  4145 | D:5      | Entered Level 5 of the Dungeon
  4365 | D:5      | Identified the +8 dagger of Ponnac {flame, rN++}
  4397 | D:5      | Reached skill level 6 in Long Blades
  4433 | D:5      | Reached XP level 8. HP: 57/62 MP: 8/8
  4494 | D:5      | Noticed Edmund
  4505 | D:5      | Killed Edmund
  4506 | D:5      | Reached skill level 7 in Long Blades
  4627 | D:5      | Found Uhuen's Jewellery Shop.
  4707 | D:5      | Noticed Pikel
  4717 | D:5      | Killed Pikel
  4718 | D:5      | Reached skill level 8 in Long Blades
  4718 | D:5      | Reached XP level 9. HP: 64/69 MP: 9/9
  5016 | D:6      | Reached skill level 5 in Shields
  5046 | D:6      | Found an iron altar of Okawaru.
  5256 | D:6      | Noticed Eustachio
  5291 | D:6      | Killed Eustachio
  5316 | D:6      | Found a staircase to the Ecumenical Temple.
  5326 | Temple   | Entered the Ecumenical Temple
  5391 | Temple   | Became a worshipper of Zin the Law-Giver
  5391 | Temple   | Reached * piety under Zin
  5391 | Temple   | Reached ** piety under Zin
  5431 | D:6      | Reached skill level 1 in Invocations
  6298 | D:7      | Reached skill level 9 in Long Blades
  6447 | D:7      | Found a flagged portal.
  6461 | Bailey   | Entered a bailey
  6485 | Bailey   | Reached XP level 10. HP: 79/79 MP: 12/12
  6615 | Bailey   | Noticed an orc knight
  6618 | Bailey   | Noticed an orc knight
  6632 | Bailey   | Slain by an orc knight

Illustrated notes

Levels and vault maps discovered:
D:1:      sevenhm_arrival_forest_fort_large_2, layout_basic,
          hellmonk_ecumenical_altar_inner_sanctum, kennysheep_flooded_box
D:2:      minmay_thinvault, layout_basic, serial_shops, shop_statue,
          basic_altar, uniq_terence
D:3:      layout_basic, nicolae_hepliaklqana_hippocampus
D:4:      layout_cave_pools, nicolae_tso_swordbearing_angel, fedhas_altar_2,
          gammafunk_ghost_split, minmay_misc_feat_cross
D:5:      layout_basic, serial_shops, nicolae_shop_window_shopping,
          corexii_hall_statues_x, uniq_pikel, uniq_edmund
D:6:      layout_cave_pods, okawaru_altar_gauntlet_db, minmay_temple_entry_grid,
          chequers_jeans, uniq_eustachio
D:7:      layout_basic, ebering_ghost_reflecting_pool, enter_bailey_3
Temple:   nicolae_temple_slightly_damp_pantheon
Bailey:   bailey_axe_4, bailey

Skill      XL: |  1  2  3  4  5  6  7  8  9 |
---------------+----------------------------+-----
Long Blades    | 4 5 6 8 9 |  9.1
Dodging        | 3 4 |  4.0
Fighting       | 4 5 6 7 |  7.0
Armour         | 1 2 3 |  3.4
Shields        | 2 3 4 7 |  7.6
Invocations    | 2 |  2.8
Stealth        | |  0.3
Evocations     | |  0.6

Action                     |  1- 3 |  4- 6 |  7- 9 | 10-12 || total
---------------------------+-------+-------+-------+-------++-------
  Melee: Falchion          |    53 |   226 |       |       ||   279
         Long sword        |       |     9 |   329 |    36 ||   374
  Throw: Boomerang         |       |       |     5 |       ||     5
 Invoke: Recite            |       |       |     3 |     1 ||     4
         Vitalisation      |       |       |     1 |     1 ||     2
  Evoke: Wand              |       |       |     6 |       ||     6
    Use: Scroll            |       |     8 |     7 |       ||    15
         Potion            |       |     7 |     1 |       ||     8
   Stab: Invisible         |       |     2 |       |       ||     2
 Armour: Ring mail         |    27 |   136 |   147 |     9 ||   319
         Robe              |     3 |       |       |       ||     3
  Dodge: Dodged            |    24 |   132 |   133 |     5 ||   294
  Block: Kite shield       |       |    74 |   309 |    27 ||   410
         Reflection        |       |       |    15 |     4 ||    19
